 Dungeon Crawl Stone Soup version 0.28-a0-1033-g1a2f33fa85 (webtiles) character file.

Game seed: 17379168611807174993

91 siradein the Skirmisher (level 4, -3/40 HPs)
             Began as a Draconian Fighter on Dec 7, 2021.
             Killed by nerve-wracking pain
             ... invoked by Jessica
              (10 damage)
             ... on level 2 of the Dungeon.
             The game lasted 00:02:34 (2003 turns).

siradein the Skirmisher (Draconian Fighter)         Turns: 2003, Time: 00:02:35

Health: -3/40      AC:  5    Str: 20    XL:     4   Next: 34%
Magic:  4/4        EV: 12    Int:  8    God:
Gold:   111        SH:  4    Dex: 11    Spells: 3/3 levels left

rFire   . . .      SeeInvis .   l - +0 whip (venom)
rCold   . . .      Faith    .   b - +0 buckler
rNeg    . . .      Spirit   .   (armour unavailable)
rPois   .          Reflect  .   (helmet restricted)
rElec   .          Harm     .   (no cloak)
rCorr   .          Rampage  .   (no gloves)
Will    .....                   (no boots)
Stlth   +.........              (no amulet)
HPRegen 0.13/turn               (no ring)
MPRegen 0.09/turn               (no ring)

@: no status effects
A: AC +5, unfitting armour, cold-blooded
a: no special abilities


You were on level 2 of the Dungeon.
You visited 1 branch of the dungeon, and saw 3 of its levels.

You collected 111 gold pieces.

Inventory:

Hand Weapons
 l - a +0 whip of venom (weapon)
Missiles
 e - 28 poisoned darts (quivered)
Armour
 b - a +0 buckler (worn)
 i - a +0 kite shield
Jewellery
 a - a +4 ring of slaying
Scrolls
 d - a scroll of teleportation {unknown}
 f - 2 scrolls of vulnerability {unknown}
 h - 2 scrolls of immolation {unknown}
 m - 2 scrolls of identify {unknown}
Potions
 c - 2 potions of might
 g - a potion of magic {unknown}
 j - a potion of heal wounds {unknown}
 k - a potion of berserk rage {unknown}
 n - 2 potions of mutation {unknown}
 o - a potion of degeneration {unknown}


   Skills:
 + Level 3.9 Fighting
 + Level 2.9 Maces & Flails
 + Level 3.3 Dodging
 + Level 3.6 Shields


You had 3 spell levels left.
You didn't know any spells.
Your spell library contained the following spells:

 Spells                   Type           Power      Damage    Failure   Level
 Slow                     Hex            0%         N/A       41%         1
 Confusing Touch          Hex            0%         N/A       80%         3
 Yara's Violent Unravell  Hex/Tmut       0%         3d3       100%        5


Dungeon Overview and Level Annotations

Branches:
Dungeon (3/15)

Altars:

Annotations:
D:2 Jessica


Innate Abilities, Weirdness & Mutations

Your plain brown scales are hard. (AC +5)
You cannot fit into any form of body armour.
You are cold-blooded and may be slowed by cold attacks.


Message History

The adder bites you.
You closely miss the adder.
Your tail-slap misses the adder.
Jessica casts a spell.
Jessica blinks!
The endoplasm freezes you.
You are frozen.
The adder bites you.
You are poisoned.
The adder poisons you! The endoplasm barely misses you.
You feel sick. You block the adder's attack.
Jessica hits you but does no damage.
There is a stone staircase leading up here.
You feel sick. The adder closely misses you. Jessica hits you with a +0 dagger.
The endoplasm closely misses you.
The endoplasm jiggles.
The adder bites you but does no damage. Jessica closely misses you.
The endoplasm barely misses you.
You climb upwards.
You feel sick.
You are no longer poisoned.
There is a stone staircase leading down here.
The adder misses you. Jessica casts a spell at you.
Pain shoots through your body! The endoplasm hits you.
You feel yourself speed up. The endoplasm hits you.
The adder completely misses you.
Jessica gestures wildly while chanting.
Jessica blinks!
The endoplasm freezes you.
You are frozen.
* * * LOW HITPOINT WARNING * * *
The adder bites you.
* * * LOW HITPOINT WARNING * * *
Jessica hits you but does no damage. Jessica casts a spell at you.
Pain shoots through your body!
* * * LOW HITPOINT WARNING * * *
The adder bites you but does no damage. Jessica barely misses you.
Jessica points at you and mumbles some strange words.
Pain shoots through your body!
You die...

######### #.##### #.......#
#...... #.......# #.####.
#.......# #.#.... #.......#
#.#[### #.......# ##.#....
#.......# #..#####
##....S..#########.......
####>....@.@'...............
#........J..################
#....###########...#########
#....'......)...............
#....###########...#########
#....# #.......#...#########
####)# #...................#
#.# #.......########.....
#.###............# #.....


You could see an adder, Jessica and an endoplasm.

Vanquished Creatures
  An iguana (D:2)
  A gnoll (D:1)
  An adder (D:2)
  An ufetubus (D:2)
  2 dart slugs (D:1)
  A ball python (D:2)
  5 endoplasms
  A giant cockroach (D:1)
  3 goblins
  7 hobgoblins
  2 kobolds (D:1)
  A quokka (D:2)
  3 bats
  2 frilled lizards (D:1)
  7 rats
38 creatures vanquished.

Notes
Turn   | Place    | Note
-------+----------+-------------------------------------------
     0 | D:1      | siradein the Draconian Fighter began the quest for the Orb.
     0 | D:1      | Reached XP level 1. HP: 19/19 MP: 1/1
   373 | D:1      | Reached XP level 2. HP: 26/26 MP: 2/2
   678 | D:1      | Reached XP level 3. HP: 28/31 MP: 3/3
  1889 | D:3      | Noticed Jessica
  1898 | D:2      | Reached XP level 4. HP: 28/40 MP: 4/4
  2003 | D:2      | Killed from afar by Jessica

Illustrated notes

Levels and vault maps discovered:
D:1:      nicolae_arrival_somewhat_less_tricky_arrival, layout_basic,
          item_on_display_a
D:2:      layout_basic, roderic_lattice_a, nrook_loot_triangle,
          kennysheep_generic_room_10
D:3:      layout_rooms, serial_shops, nicolae_diamond_shop, uniq_jessica

Skill      XL: |  1  2 |
---------------+-------+-----
Dodging        | 3 |  3.3
Fighting       | |  3.9
Maces & Flails | |  2.9
Shields        | |  3.6

Action                   |  1- 3 |  4- 6 || total
-------------------------+-------+-------++-------
Melee: Flail             |    93 |       ||    93
       Tailslap          |     5 |     1 ||     6
       Whip              |     6 |     4 ||    10
 Stab: Sleeping          |     1 |       ||     1
Armor: Skin              |    29 |     4 ||    33
Dodge: Dodged            |    62 |    10 ||    72
Block: Buckler           |    19 |     2 ||    21

Table legend: (Time is in decaauts)
 A = Elapsed time spent in this place.
 B = Non-inter-level travel time spent in this place.
 C = Inter-level travel time spent in this place.
 D = Time resting spent in this place.
 E = Time spent auto-exploring this place.
 F = Levels seen in this place.
 G = Mean time per level.
                   A        B        C        D        E       F      G
               +--------+--------+--------+--------+--------+-----+--------+
         Total |   2034 |   1982 |     52 |     89 |   1569 |   3 |  678.0 |
       Dungeon |   2034 |   1982 |     52 |     89 |   1569 |   3 |  678.0 |
               +--------+--------+--------+--------+--------+-----+--------+

Top non-repeatable levels by time:
     D:2: 1031 daAuts
     D:1: 991 daAuts
     D:3: 11 daAuts
